cohdb
Replays
Latest Replays
All Replays
Popular Replays
Top Player Replays
Match Explorer
How It Works
Community
CoH3 Stats
Reddit
Sign in to upload your games and track your stats! →
Sign in with Steam
Match 43256693
Unlisted
Match 43256693
Overview
Messages
Build Orders
End
Construct Section Command Post
Selects Indian Artillery Battlegroup
Infantry Section
Infantry Section
Vickers Machine Gun Team
Infantry Section
Infantry Section
Construct Platoon Command Post
Selects Valour
Humber Armored Car
Construct Field Infirmary
Vickers Machine Gun Team
Selects Gurkha Rifles Section
Vickers Machine Gun Team
Construct Company Command Post
Foot Guards Section
Selects Volunteer Infantry
Selects Artillery Saturation
Selects Off-map Airburst Barrage
Infantry Training
Crusader II Medium Tank
Off-map Airburst Barrage
Zaziggi
simranjitsingh713
0
0
Comments
sign in to comment!
No comments posted yet!